AoeStats
← 大草原畜牧

Arena

508159923Analyzed
4v4 RM · 13d ago on Sep 21, 2026· 43m 43s· 8 players
Game mode
Random Map
Map size
Large (8 player)
Population
200
Speed
Normal
Resources
Standard
Victory
Conquest
Starting age
Dark Age
Ending age
Imperial Age
RankedLock teamsTeams togetherTeam positionsShared explorationLock speedFull tech treeHidden civsTurbo modeCheats
Victory
Defeat
🇨🇦 Franks · Canada
1098
+13
🇲🇽 Celts · Mexico
1081
+14
🇲🇽 Turks · Mexico
969
+19
🇺🇸 Italians · United States
963
+19
🇦🇺 Britons · Australia
1106
-19
🇨🇳 Franks · China
1041
-17
🇨🇴 Persians · Colombia
1004
-15
🇮🇩 Mongols · Indonesia
988
-14
大草原畜牧
10:07 Feudal Age
14:00 Castle Age
12:15 Double-Bit Axe
16:06 Bow Saw
20:48 Loom
21:38 Wheelbarrow
23:25 Hand Cart
23:42 Gold Mining
27:24 Imperial Age
25:59 Scale Barding Armor
26:56 Gold Shaft Mining
26:45 Husbandry
27:35 Chain Barding Armor
27:27 Forging
27:48 Cavalier
29:22 Plate Barding Armor
30:19 Iron Casting
32:15 Blast Furnace
31:39 Paladin
33:10 Conscription
33:05 Padded Archer Armor
33:10 Fletching
33:14 Elite Skirmisher
35:27 Chemistry
34:47 Ballistics
35:23 Bodkin Arrow
35:47 Leather Archer Armor
41:39 Scale Mail Armor
41:01 Pikeman
41:42 Squires
43:09 Chain Mail Armor
42:34 Halberdier
43:25 Loom
Bread
10:42 Feudal Age
11:42 Double-Bit Axe
15:20 Castle Age
14:46 Horse Collar
15:45 Wheelbarrow
16:38 Bow Saw
21:01 Stone Mining
22:44 Fletching
24:01 Hand Cart
23:57 Gold Mining
25:48 Bodkin Arrow
30:12 Elite Skirmisher
31:53 Padded Archer Armor
32:59 Coinage
35:25 Imperial Age
34:26 Ballistics
34:57 Leather Archer Armor
35:07 Yeomen
35:35 Heavy Plow
36:38 Ring Archer Armor
36:08 Bracer
36:42 Ring Archer Armor
37:17 Chemistry
37:29 Two-Man Saw
37:04 Conscription
37:00 Siege Engineers
38:00 Masonry
38:25 Forging
40:19 Onager
41:13 Scale Mail Armor
42:02 Pikeman
42:42 Squires
43:00 Chain Mail Armor
43:20 Iron Casting
42:26 Elite Longbowman
Cinta Mama
10:28 Feudal Age
15:08 Castle Age
14:38 Wheelbarrow
13:50 Loom
14:50 Double-Bit Axe
14:56 Horse Collar
15:13 Town Watch
27:47 Gold Mining
27:48 Stone Mining
30:33 Imperial Age
29:16 Husbandry
29:27 Bloodlines
29:37 Forging
29:27 Scale Mail Armor
29:32 Scale Barding Armor
29:30 Light Cavalry
30:31 Pikeman
31:11 Squires
31:55 Hand Cart
32:04 Chain Mail Armor
32:58 Fortified Wall
33:56 Masonry
34:26 Plate Mail Armor
34:31 Iron Casting
34:32 Hussar
39:11 Heavy Camel Rider
Lord_Tarritou
11:10 Feudal Age
16:20 Castle Age
14:09 Double-Bit Axe
15:12 Horse Collar
16:57 Bow Saw
17:19 Heavy Plow
20:41 Loom
21:31 Wheelbarrow
20:41 Town Watch
23:13 Town Patrol
25:51 Stone Mining
27:58 Hand Cart
28:41 Bloodlines
28:31 Husbandry
29:12 Gold Mining
29:57 Stone Shaft Mining
29:48 Light Cavalry
33:45 Gold Shaft Mining
33:30 Forging
33:25 Scale Barding Armor
36:38 Imperial Age
34:51 Masonry
36:16 Cavalier
37:39 Iron Casting
37:37 Chain Barding Armor
38:27 Ballistics
38:05 Savar
40:05 Blast Furnace
40:04 Crop Rotation
40:36 Two-Man Saw
39:01 Hussar
40:40 Murder Holes
Billyboy
11:09 Feudal Age
15:56 Castle Age
22:36 Imperial Age
21:15 Double-Bit Axe
21:51 Gold Mining
34:32 Fletching
37:11 Gold Shaft Mining
kinggsa1
0:32 Loom
11:02 Feudal Age
12:29 Wheelbarrow
11:43 Double-Bit Axe
11:39 Horse Collar
16:48 Castle Age
16:12 Fletching
16:22 Padded Archer Armor
16:57 Stone Mining
17:01 Gold Mining
19:19 Bow Saw
20:56 Heavy Plow
22:47 Hand Cart
22:48 Town Watch
26:09 Bodkin Arrow
28:01 Thumb Ring
29:37 Leather Archer Armor
32:33 Imperial Age
33:21 Bracer
33:52 Ring Archer Armor
33:47 Ballistics
34:47 Scale Barding Armor
34:53 Forging
34:59 Elite Genoese Crossbowman
36:09 Bloodlines
36:00 Husbandry
35:22 Light Cavalry
39:01 Chemistry
40:00 Hussar
41:27 Chain Barding Armor
41:43 Iron Casting
43:31 Plate Barding Armor
୧ఠ_ఠᓄ
8:02 Loom
10:30 Feudal Age
14:50 Castle Age
13:43 Double-Bit Axe
13:49 Horse Collar
16:04 Bow Saw
20:58 Heavy Plow
24:53 Wheelbarrow
25:58 Hand Cart
26:57 Gold Mining
27:48 Scale Barding Armor
27:49 Scale Mail Armor
28:00 Forging
27:56 Stronghold
33:03 Imperial Age
31:33 Gold Shaft Mining
32:55 Chain Mail Armor
33:16 Iron Casting
34:05 Furor Celtica
35:21 Plate Mail Armor
35:53 Blast Furnace
34:33 Capped Ram
36:55 Elite Woad Raider
39:46 Siege Ram
41:12 Pikeman
43:06 Chemistry
42:03 Murder Holes
eward17
10:51 Feudal Age
11:52 Double-Bit Axe
15:08 Castle Age
16:04 Bow Saw
18:20 Wheelbarrow
21:10 Hand Cart
24:21 Gold Mining
24:21 Stone Mining
26:00 Gold Shaft Mining
28:52 Imperial Age
26:09 Loom
26:11 Town Watch
26:35 Scale Barding Armor
28:23 Chain Barding Armor
28:15 Forging
28:25 Chain Barding Armor
29:28 Husbandry
28:58 Cavalier
29:41 Chivalry
30:02 Conscription
30:41 Paladin
33:15 Plate Barding Armor
33:15 Iron Casting
36:45 Hoardings
36:32 #83
37:20 Blast Furnace
Connection lost

Rejoining the realm…

Still unreachable

The connection could not be restored.

Session expired

The server has moved on; the page needs a fresh start.